[Event "European-ch Seniors 2018"]
[Site "Drammen"]
[Date "2018.08.05"]
[Round "2"]
[White "Bogdanov, Valentin"]
[Black "Hedin, Gunnar"]
[Result "1-0"]
[ECO "A04"]
[WhiteElo "2356"]
[BlackElo "2179"]
[Annotator "NA"]
[PlyCount "107"]
[EventDate "2018.08.04"]
[EventType "swiss"]
[EventCountry "NOR"]
[SourceTitle "playchess.com"]
[Source "ChessBase"]
[SourceQuality "1"]
[TimeControl "40/5400+30:1800+30"]

1. Nf3 e6 2. g3 f5 3. d3 Nf6 4. Nc3 d5 5. Bf4 Bb4 6. a3 Bxc3+ 7. bxc3 Nc6 8. Bg2 $11 O-O 9. O-O Qe7 10. Ne5 Nxe5 11. Bxe5 c6 12. Qd2 Ng4 13. f4 Bd7 14. e4 Nxe5 15. fxe5 fxe4 16. Rxf8+ Rxf8 17. dxe4 Be8 18. a4 Bg6 19. Re1 Qc5+ 20. Qd4 Qxd4+ 21. cxd4 Bxe4 22. Bxe4 dxe4 23. Re3 b5 24. a5 Kf7 25. Rxe4 Rc8 26. Re3 c5 27. Rc3 c4 28. Kf2 Ke7 29. Ra3 b4 30. Ra1 b3 31. Rb1 Rb8 32. Ke2 Kd7 33. cxb3 Rxb3 34. Rc1 Rb4 35. Ke3 Kc6 36. Ke4 Kb5 37. d5 c3+ 38. Kd3 exd5 39. Rxc3 g5 40. Rc7 Kxa5 41. Rc5+ Kb6 42. Rxd5 Kc6 43. Rd6+ Kc5 44. Rd8 Rb7 45. Ke4 a5 46. e6 Rb1 47. Kf5 Rf1+ 48. Kxg5 Re1 49. Kf6 Rf1+ 50. Kg7 Re1 51. Kf7 Rf1+ 52. Ke8 a4 53. e7 a3 54. Rd2 1-0

[Event "European-ch Seniors 2018"]
[Site "Drammen"]
[Date "2018.08.05"]
[Round "2"]
[White "Elseth, Roar"]
[Black "Edvardsen, Ragnar"]
[Result "1/2-1/2"]
[ECO "A39"]
[WhiteElo "2311"]
[BlackElo "1969"]
[Annotator "NA"]
[PlyCount "116"]
[EventDate "2018.08.04"]
[EventType "swiss"]
[EventCountry "NOR"]
[SourceTitle "playchess.com"]
[Source "ChessBase"]
[SourceQuality "1"]
[TimeControl "40/5400+30:1800+30"]

1. Nf3 Nf6 2. c4 g6 3. g3 Bg7 4. Bg2 O-O 5. O-O c5 6. Nc3 Nc6 7. d4 cxd4 8. Nxd4 Nxd4 9. Qxd4 $11 d6 10. Qd3 Nd7 11. b3 Nc5 12. Qd2 Rb8 13. Bb2 a6 14. Rfd1 Be6 15. Rac1 Qd7 16. Qc2 Bh3 17. Bh1 Ne6 18. Nd5 Bxb2 19. Qxb2 b6 20. Qf6 Rfe8 21. Qh4 Ng7 22. Qh6 Be6 23. Nb4 Rbc8 24. Nxa6 Qa7 25. Nb4 Qa3 26. Qd2 Rc7 27. Ra1 Rec8 28. Nc2 Qc5 29. a4 h5 30. Nd4 Nf5 31. Nxf5 Qxf5 32. Qe3 Rc5 33. Qd4 Qe5 34. e3 Kg7 35. f4 Qf6 36. Bf3 Bg4 37. Qxf6+ Kxf6 38. Kg2 Bxf3+ 39. Kxf3 g5 40. e4 Rg8 41. Rd4 gxf4 42. gxf4 Rg4 43. b4 Rc8 44. h3 Rg7 45. e5+ dxe5 46. fxe5+ Ke6 47. a5 bxa5 48. Rxa5 Rg1 49. Ra6+ Kf5 50. Rf4+ Kxe5 51. Re4+ Kf5 52. Rf4+ Ke5 53. Rh4 Rcg8 54. Re4+ Kf5 55. Rf4+ Ke5 56. Re4+ Kf5 57. Rf4+ Ke5 58. Re4+ Kf5 1/2-1/2

[Event "European-ch Seniors 2018"]
[Site "Drammen"]
[Date "2018.08.05"]
[Round "2"]
[White "Gaprindashvili, Nona"]
[Black "Moe, Mogens"]
[Result "1/2-1/2"]
[ECO "D85"]
[WhiteElo "2305"]
[BlackElo "2150"]
[Annotator "NA"]
[PlyCount "84"]
[EventDate "2018.08.04"]
[EventType "swiss"]
[EventCountry "NOR"]
[SourceTitle "playchess.com"]
[Source "ChessBase"]
[SourceQuality "1"]
[TimeControl "40/5400+30:1800+30"]

1. d4 Nf6 2. c4 g6 3. Nc3 d5 4. cxd5 Nxd5 5. e4 Nxc3 6. bxc3 Bg7 7. Be3 c5 8. Rc1 Qa5 9. Qd2 O-O 10. d5 Rd8 11. c4 Qa3 12. Qc2 f5 13. exf5 Bxf5 14. Qb3 Bb2 15. Rd1 Qxb3 16. axb3 Bc2 17. Rd2 Bc3 18. Ne2 Bxd2+ 19. Kxd2 Bxb3 20. Kc3 Ba4 21. Bxc5 Kf7 22. Nd4 Bd7 23. Bd3 Na6 24. Ba3 Rac8 25. Nf3 Kf6 26. Kd2 Bf5 27. Bb2+ Kf7 28. Ng5+ Kg8 29. Ba3 Rd7 30. Be2 Nc5 31. g4 h6 32. gxf5 hxg5 33. fxg6 Rd6 34. Bg4 Rc7 35. Be6+ Kg7 36. Bf7 Ne4+ 37. Ke3 Rxc4 38. Bxd6 Nxd6 39. Rg1 Nxf7 40. gxf7 Kxf7 41. Rxg5 Rh4 42. Rg2 a5 {[%emt 0:11:29] Ke4} 1/2-1/2

[Event "European-ch Seniors 2018"]
[Site "Drammen"]
[Date "2018.08.05"]
[Round "2"]
[White "Werner, Clemens"]
[Black "Schouten, Nico"]
[Result "1/2-1/2"]
[ECO "C50"]
[WhiteElo "2258"]
[BlackElo "2126"]
[Annotator "NA"]
[PlyCount "50"]
[EventDate "2018.08.04"]
[EventType "swiss"]
[EventCountry "NOR"]
[SourceTitle "playchess.com"]
[Source "ChessBase"]
[SourceQuality "1"]
[TimeControl "40/5400+30:1800+30"]

1. e4 e5 2. Nf3 Nc6 3. Bc4 Be7 4. d3 Nf6 5. O-O O-O 6. Re1 d6 7. c3 a6 8. Bb3 b5 9. Nbd2 {[%emt 0:00:41] LiveBook: 8 Games} Bb7 $14 10. d4 Nd7 11. Nf1 Bf6 12. Ne3 Ne7 13. Ng4 Ng6 14. dxe5 Ngxe5 15. Nfxe5 Nxe5 16. Nxf6+ Qxf6 17. f4 Ng6 18. g3 Rfe8 19. Bc2 Rad8 20. Qd4 Qe7 21. Bd2 Nf8 22. Qf2 Nd7 23. Re2 Nf6 24. Rae1 Qd7 25. f5 h6 1/2-1/2

[Event "European-ch Seniors 2018"]
[Site "Drammen"]
[Date "2018.08.05"]
[Round "2"]
[White "Blechzin, Igor"]
[Black "Sielicki, Tomasz"]
[Result "1/2-1/2"]
[ECO "E06"]
[WhiteElo "2250"]
[BlackElo "1956"]
[Annotator "NA"]
[PlyCount "92"]
[EventDate "2018.08.04"]
[EventType "swiss"]
[EventCountry "NOR"]
[SourceTitle "playchess.com"]
[Source "ChessBase"]
[SourceQuality "1"]
[TimeControl "40/5400+30:1800+30"]

1. d4 Nf6 2. c4 e6 3. Nf3 d5 4. g3 Be7 5. Bg2 O-O 6. Qc2 dxc4 7. Qxc4 a6 8. Qc2 c5 9. dxc5 Qa5+ 10. Nc3 $14 {[%emt 0:01:11] LiveBook: 6 Games} Nc6 11. O-O Bd7 12. Be3 Bxc5 13. Bxc5 Qxc5 14. Rac1 Rac8 15. a3 Ne7 16. Rfd1 Bc6 17. Nd5 Qxd5 18. Rxd5 Bxd5 19. Qd2 Ne4 20. Qe1 h6 21. Rxc8 Rxc8 22. Nd2 Nxd2 23. Qxd2 f5 24. Bxd5 Nxd5 25. Kg2 Rc7 26. Qd3 Rd7 27. Qb3 Kf7 28. Qa4 Re7 29. e4 fxe4 30. Qxe4 Nf6 31. Qc4 Nd5 32. Qc8 Nf6 33. a4 Nd5 34. Qb8 e5 35. Qc8 Nf6 36. h4 e4 37. g4 h5 38. g5 Ng4 39. Qh8 Kg6 40. Qd8 Kf7 41. Qh8 Kg6 42. Qf8 Re5 43. Qd8 Kf7 44. Qd7+ Re7 45. Qd5+ Kf8 46. Qd8+ Kf7 1/2-1/2

[Event "European-ch Seniors 2018"]
[Site "Drammen"]
[Date "2018.08.05"]
[Round "2"]
[White "Ackermann, Hans Werner"]
[Black "Ashby, Anthony"]
[Result "1-0"]
[ECO "A06"]
[WhiteElo "2246"]
[BlackElo "2055"]
[Annotator "NA"]
[PlyCount "117"]
[EventDate "2018.08.04"]
[EventType "swiss"]
[EventCountry "NOR"]
[SourceTitle "playchess.com"]
[Source "ChessBase"]
[SourceQuality "1"]
[TimeControl "40/5400+30:1800+30"]

1. Nf3 d5 2. b3 Nf6 3. Bb2 e6 4. e3 Bd6 {[%emt 0:00:47] LiveBook: 67 Games} 5. c4 O-O 6. Qc2 Nbd7 $11 7. Nc3 c6 8. d4 Re8 9. Be2 e5 10. cxd5 Nxd5 11. a3 exd4 12. Nxd5 cxd5 13. Nxd4 Nf6 14. Nb5 Be5 15. Bxe5 Rxe5 16. Qc7 Qxc7 17. Nxc7 Rb8 18. Nb5 Bd7 19. Nd4 Rc8 20. O-O Ree8 21. Rfc1 a6 22. Rxc8 Rxc8 23. f3 Kf8 24. Kf2 Ke7 25. Bd3 g6 26. Ke2 Be6 27. Kd2 Nd7 28. Rc1 Rxc1 29. Kxc1 Ne5 30. Kd2 Kd6 31. Kc3 Bd7 32. h3 Bc8 33. f4 Nd7 34. Nf3 f6 35. Nd4 Nc5 36. Bc2 Bd7 37. b4 Na4+ 38. Bxa4 Bxa4 39. Nf3 Bb5 40. Nd2 Be2 41. Kd4 b6 42. g3 Bb5 43. h4 Be2 44. e4 dxe4 45. Nxe4+ Ke6 46. Nc3 Bf1 47. Nd5 b5 48. Nc7+ Kf5 49. Ke3 g5 50. hxg5 fxg5 51. fxg5 Kxg5 52. Nxa6 h5 53. Nc5 Kg4 54. Kf2 Bc4 55. Ne4 Bd3 56. Nd6 h4 57. gxh4 Kxh4 58. Ke3 Bf1 59. Kd4 1-0

[Event "European-ch Seniors 2018"]
[Site "Drammen"]
[Date "2018.08.05"]
[Round "2"]
[White "Furman, Boris"]
[Black "Sorokina, Tamara"]
[Result "1-0"]
[ECO "A61"]
[WhiteElo "2242"]
[BlackElo "2050"]
[Annotator "NA"]
[PlyCount "81"]
[EventDate "2018.08.04"]
[EventType "swiss"]
[EventCountry "NOR"]
[SourceTitle "playchess.com"]
[Source "ChessBase"]
[SourceQuality "1"]
[TimeControl "40/5400+30:1800+30"]

1. d4 Nf6 2. c4 e6 3. Nc3 c5 4. d5 exd5 5. cxd5 d6 6. Nf3 g6 7. Bg5 Bg7 8. e3 a6 9. a4 O-O 10. Be2 Re8 11. O-O Qc7 12. Nd2 Nbd7 13. h3 Rb8 $16 14. Kh1 h6 15. Bh4 Nh7 16. e4 g5 17. Bg3 Ne5 18. f4 gxf4 19. Bxf4 Nf8 20. Bxe5 Bxe5 21. Nc4 Bg7 22. a5 Ng6 23. Bh5 Qe7 24. Qf3 Rd8 25. Qg3 Be5 26. Qe3 Bg7 27. Rf3 Kh7 28. Raf1 Rf8 29. Qf2 Ne5 30. Nxe5 Qxe5 31. Rxf7 Bxh3 32. Qe2 Bd7 33. Bg4 Bb5 34. Nxb5 axb5 35. Qxb5 Qg5 36. Rxf8 Rxf8 37. Rxf8 Qh4+ 38. Bh3 Bxf8 39. Qxb7+ Bg7 40. Qf7 Qe1+ 41. Kh2 1-0

[Event "European-ch Seniors 2018"]
[Site "Drammen"]
[Date "2018.08.05"]
[Round "2"]
[White "Karason, Askell Orn"]
[Black "Anguera Maestro, Jaime"]
[Result "1-0"]
[ECO "D35"]
[WhiteElo "2217"]
[BlackElo "2042"]
[Annotator "NA"]
[PlyCount "107"]
[EventDate "2018.08.04"]
[EventType "swiss"]
[EventCountry "NOR"]
[SourceTitle "playchess.com"]
[Source "ChessBase"]
[SourceQuality "1"]
[TimeControl "40/5400+30:1800+30"]

1. d4 d5 2. c4 e6 3. Nc3 Nf6 4. cxd5 exd5 5. Bg5 c6 6. e3 Be7 7. Qc2 h6 8. Bh4 O-O 9. Bd3 {[%emt 0:00:11] LiveBook: 194 Games} b6 10. Nf3 Ba6 11. Bxa6 Nxa6 $14 12. Qe2 Nb8 13. Rc1 Ne4 14. Bxe7 Qxe7 15. Nxe4 Qxe4 16. O-O f6 17. Rc3 a5 18. Rfc1 Ra7 19. Ne1 Re8 20. Qh5 Rae7 21. a3 Qe6 22. Nd3 Qf7 23. Qd1 b5 24. g3 Ra7 25. Nf4 Rd7 26. Rc5 Red8 27. a4 bxa4 28. Qxa4 h5 29. h4 g5 30. Ng2 Qe6 31. Qd1 Qf7 32. Rxa5 Rb7 33. Qc2 Kg7 34. Ra8 Qg6 35. Qc3 Qe4 36. Rca1 Rdd7 37. b4 Qf3 38. R8a5 Qe2 39. R1a2 Qc4 40. Qxc4 dxc4 41. R5a4 Rb6 42. Rc2 Rdb7 43. Rxc4 Na6 44. Ra5 Kh6 45. hxg5+ fxg5 46. Ne1 Nxb4 47. Re5 Rf7 48. Re6+ Kg7 49. Rc5 Nd5 50. Rexc6 Rb1 51. Rxd5 Rxe1+ 52. Kg2 Re2 53. Rxg5+ Kf8 54. Rc8+ 1-0

[Event "European-ch Seniors 2018"]
[Site "Drammen"]
[Date "2018.08.05"]
[Round "2"]
[White "Burchardt, Brigitte"]
[Black "Birkholz, Olga"]
[Result "1-0"]
[ECO "B26"]
[WhiteElo "2189"]
[BlackElo "2048"]
[Annotator "NA"]
[PlyCount "99"]
[EventDate "2018.08.04"]
[EventType "swiss"]
[EventCountry "NOR"]
[SourceTitle "playchess.com"]
[Source "ChessBase"]
[SourceQuality "1"]
[TimeControl "40/5400+30:1800+30"]

1. e4 c5 2. Nc3 d6 3. g3 Nc6 4. Bg2 g6 5. d3 Bg7 6. Be3 Nd4 7. Qd2 Rb8 8. Nd1 Nf6 9. c3 Nc6 10. h3 Qc7 11. Ne2 b5 12. O-O O-O 13. Rc1 Ne5 14. f4 Ned7 15. Nf2 Bb7 16. d4 Nb6 17. b3 c4 18. b4 d5 19. e5 Ne4 20. Nxe4 dxe4 21. f5 Qc6 22. g4 Rfd8 23. fxg6 hxg6 24. Qe1 Nd5 25. Bxe4 Qa6 26. Nf4 Nxe3 27. Qxe3 e6 28. Rc2 Bh6 29. h4 Bxf4 30. Qxf4 Rd7 31. Rcf2 Bxe4 32. Qxe4 Qb7 33. Qf4 Qc8 34. h5 Qd8 35. hxg6 fxg6 36. Qh6 Rh7 37. Qxg6+ Kh8 38. Rf7 Qg8 39. Rxh7+ Qxh7 40. Qf6+ Qg7 41. Kg2 Qxf6 42. Rxf6 Rb6 43. Kf3 Kg7 44. g5 Kg8 45. d5 exd5 46. Rxb6 axb6 47. Ke3 Kf7 48. Kd4 Ke6 49. g6 Ke7 50. Kxd5 1-0

[Event "European-ch Seniors 2018"]
[Site "Drammen"]
[Date "2018.08.05"]
[Round "2"]
[White "Vinke, Dietmar"]
[Black "Ogaard, Leif"]
[Result "0-1"]
[ECO "A05"]
[WhiteElo "2166"]
[BlackElo "2386"]
[Annotator "NA"]
[PlyCount "56"]
[EventDate "2018.08.04"]
[EventType "swiss"]
[EventCountry "NOR"]
[SourceTitle "playchess.com"]
[Source "ChessBase"]
[SourceQuality "1"]
[TimeControl "40/5400+30:1800+30"]

1. Nf3 Nf6 2. g3 d5 3. Bg2 c6 4. d4 Bf5 5. O-O e6 6. b3 Bd6 7. Bb2 O-O 8. Nbd2 h6 $11 9. c4 Nbd7 10. Re1 Bh7 11. Rc1 Re8 12. c5 Bc7 13. Ne5 Nxe5 14. dxe5 Nd7 15. f4 b6 16. cxb6 Bxb6+ 17. Kh1 Rc8 18. e4 Nc5 19. Ba3 Nd3 20. Rf1 Nxc1 21. Qxc1 Be3 22. Bc5 Bxc5 23. Qxc5 Qb6 24. Rc1 Qxc5 25. Rxc5 Red8 26. Kg1 dxe4 27. Nxe4 Bxe4 28. Bxe4 Rd1+ 0-1

[Event "European-ch Seniors 2018"]
[Site "Drammen"]
[Date "2018.08.05"]
[Round "2"]
[White "Malmdin, Nils Ake"]
[Black "Stebbings, Anthony"]
[Result "1/2-1/2"]
[ECO "B43"]
[WhiteElo "2135"]
[BlackElo "2265"]
[Annotator "NA"]
[PlyCount "57"]
[EventDate "2018.08.04"]
[EventType "swiss"]
[EventCountry "NOR"]
[SourceTitle "playchess.com"]
[Source "ChessBase"]
[SourceQuality "1"]
[TimeControl "40/5400+30:1800+30"]

1. e4 c5 2. Nc3 e6 3. Nf3 a6 4. d4 cxd4 5. Nxd4 Qc7 6. Bd3 Nf6 7. f4 d6 8. Qf3 Nbd7 9. a4 b6 $11 10. g4 Nc5 11. g5 Nfd7 12. Bd2 Bb7 13. b4 Nxd3+ 14. cxd3 d5 15. Rb1 dxe4 16. Nxe4 Bd5 17. Rc1 Qb7 18. O-O Be7 19. Rfe1 O-O 20. f5 exf5 21. Nxf5 Rfe8 22. Qg3 Bxe4 23. Rxe4 Bf8 24. Nh6+ Kh8 25. Nxf7+ Kg8 26. Nh6+ Kh8 27. Nf7+ Kg8 28. Nh6+ Kh8 29. Nf7+ 1/2-1/2

[Event "European-ch Seniors 2018"]
[Site "Drammen"]
[Date "2018.08.05"]
[Round "2"]
[White "Neumann, Joachim"]
[Black "Barle, Janez"]
[Result "0-1"]
[ECO "A10"]
[WhiteElo "2124"]
[BlackElo "2249"]
[Annotator "NA"]
[PlyCount "86"]
[EventDate "2018.08.04"]
[EventType "swiss"]
[EventCountry "NOR"]
[SourceTitle "playchess.com"]
[Source "ChessBase"]
[SourceQuality "1"]
[TimeControl "40/5400+30:1800+30"]

1. c4 Nc6 2. g3 e5 3. Bg2 f5 4. Nc3 Nf6 5. e3 d5 $14 6. cxd5 Nb4 7. d3 Nfxd5 8. Nxd5 Nxd5 9. Ne2 Bb4+ 10. Bd2 Bxd2+ 11. Qxd2 O-O 12. O-O c6 13. Rfd1 Be6 14. d4 e4 15. Nf4 Nxf4 16. gxf4 Rf6 17. h3 Rh6 18. Kh2 Qh4 19. Rg1 Kh8 20. Bf1 Rg8 21. Rg5 Rf6 22. Qe2 g6 23. Rg3 g5 24. Rxg5 Rxg5 25. fxg5 Qxg5 26. Bg2 f4 27. exf4 Qxf4+ 28. Kh1 Qxf2 29. Qxe4 Qf5 30. Qxf5 Rxf5 31. a3 Rf2 32. Re1 Bc4 33. Re8+ Kg7 34. Re7+ Rf7 35. Rxf7+ Kxf7 36. Kg1 Ke6 37. Kf2 Bd5 38. Bf1 Kf5 39. Ke3 Kg5 40. Be2 Be6 41. Bf3 Bxh3 42. d5 Bd7 43. d6 Kf6 0-1

[Event "European-ch Seniors 2018"]
[Site "Drammen"]
[Date "2018.08.05"]
[Round "2"]
[White "Zhelesny, Stanislav"]
[Black "Lederman, Leon S"]
[Result "0-1"]
[ECO "A05"]
[WhiteElo "2077"]
[BlackElo "2245"]
[Annotator "NA"]
[PlyCount "176"]
[EventDate "2018.08.04"]
[EventType "swiss"]
[EventCountry "NOR"]
[SourceTitle "playchess.com"]
[Source "ChessBase"]
[SourceQuality "1"]
[TimeControl "40/5400+30:1800+30"]

1. Nf3 Nf6 2. g3 d5 3. d4 Bf5 4. Bg2 c6 5. c3 h6 6. Nbd2 Nbd7 7. Qb3 Qc7 8. Nf1 e6 9. Bf4 Bd6 10. Bxd6 Qxd6 $11 11. Ne3 Bh7 12. O-O O-O 13. c4 Rab8 14. Rac1 Ne4 15. Qa3 Qxa3 16. bxa3 f5 17. Rfd1 f4 18. gxf4 Rxf4 19. Bh3 Nf8 20. Bg2 Ng6 21. Rf1 Rbf8 22. Bh3 R4f6 23. Ng4 Nf4 24. Nxf6+ Rxf6 25. Bg2 Nxe2+ 26. Kh1 Nxc1 27. Rxc1 Nxf2+ 28. Kg1 Nd3 29. Rc3 Be4 30. Nd2 Bg6 31. Bf1 Nf4 32. Re3 Bh5 33. a4 b6 34. a5 bxa5 35. Nb3 a4 36. Na5 Be8 37. Nb7 Kf7 38. Nc5 Rf5 39. Ra3 e5 40. dxe5 Rxe5 41. Rxa4 Re7 42. cxd5 Nxd5 43. Ne4 Ke6 44. Bh3+ Ke5 45. Nd2 Bg6 46. Nc4+ Kf6 47. Na5 Nb6 48. Rd4 c5 49. Rd6+ Kg5 50. Rc6 Na4 51. Bf1 Be8 52. Rc8 Kf4 53. Kf2 Nc3 54. Bd3 Nd1+ 55. Kg2 Re3 56. Ba6 Bd7 57. Rf8+ Kg5 58. Bc8 Bxc8 59. Rxc8 Re2+ 60. Kg3 Re3+ 61. Kg2 Rc3 62. Nb3 c4 63. Nd4 Rd3 64. Ne6+ Kf6 65. Nf4 Rd2+ 66. Kf3 c3 67. h4 g5 68. Rc6+ Ke7 69. Ng6+ Kd8 70. hxg5 hxg5 71. Ne5 Rd4 72. Kg3 Rd5 73. Ng4 Kd7 74. Rc4 Rd3+ 75. Kg2 Kd6 76. Kf1 Nb2 77. Rc8 Rd1+ 78. Ke2 Rd2+ 79. Kf3 Nd1 80. Rd8+ Ke6 81. Rxd2 cxd2 82. Ke2 Nc3+ 83. Kxd2 Nxa2 84. Kc2 Nb4+ 85. Kb3 Nc6 86. Nh6 Ke5 87. Kc4 Kf4 88. Kc5 a5 {[%emt 0:00:29] Kd4 Ke5+} 0-1

[Event "European-ch Seniors 2018"]
[Site "Drammen"]
[Date "2018.08.05"]
[Round "2"]
[White "Harstad, Christian"]
[Black "Clark, Gary M"]
[Result "0-1"]
[ECO "D97"]
[WhiteElo "1985"]
[BlackElo "2285"]
[Annotator "NA"]
[PlyCount "68"]
[EventDate "2018.08.04"]
[EventType "swiss"]
[EventCountry "NOR"]
[SourceTitle "playchess.com"]
[Source "ChessBase"]
[SourceQuality "1"]
[TimeControl "40/5400+30:1800+30"]

1. d4 Nf6 2. c4 g6 3. Nc3 d5 4. Nf3 Bg7 5. Qb3 dxc4 6. Qxc4 O-O 7. e4 Nc6 8. Be3 Ng4 9. O-O-O Bd7 $11 10. h3 Nxe3 11. fxe3 Na5 12. Qb4 c6 13. g4 Re8 14. Qa3 b5 15. Qc5 h6 16. Ne2 Nc4 17. Nf4 Nxe3 18. Rd3 Nc4 19. g5 e6 20. Qb4 hxg5 21. Nxg6 fxg6 22. Rg1 Qf6 23. e5 Qf4+ 24. Kb1 Nxe5 25. Nxe5 Bxe5 26. Qc3 b4 27. Qe1 Bg7 28. Bg2 e5 29. Rf3 Bf5+ 30. Ka1 exd4 31. Qxb4 Rab8 32. Qc4+ Be6 33. Rxf4 Bxc4 34. Rg4 d3 0-1

[Event "European-ch Seniors 2018"]
[Site "Drammen"]
[Date "2018.08.05"]
[Round "2"]
[White "Johnsen, Sylvia"]
[Black "Strutinskaia, Galina"]
[Result "1-0"]
[ECO "B23"]
[WhiteElo "1977"]
[BlackElo "2208"]
[Annotator "NA"]
[PlyCount "87"]
[EventDate "2018.08.04"]
[EventType "swiss"]
[EventCountry "NOR"]
[SourceTitle "playchess.com"]
[Source "ChessBase"]
[SourceQuality "1"]
[TimeControl "40/5400+30:1800+30"]

1. e4 c5 2. Nc3 a6 3. f4 e6 4. Nf3 b5 5. g3 Bb7 6. d3 d5 7. exd5 exd5 8. d4 c4 9. Bg2 Bd6 10. O-O Ne7 11. Kh1 Nd7 12. Ne5 b4 13. Nxd7 Qxd7 14. Ne2 h5 15. Ng1 O-O-O 16. c3 a5 17. f5 f6 18. Qc2 Qc7 19. Bf4 Bxf4 20. Rxf4 h4 21. Nh3 hxg3 22. hxg3 Kb8 23. Raf1 Rh6 24. g4 Rdh8 25. R4f3 Rh4 26. Re3 Nc8 27. Qe2 Bc6 28. Kg1 Rd8 29. Nf4 Rhh8 30. Qf3 Rdg8 31. Rfe1 Ka7 32. b3 cxb3 33. axb3 Rd8 34. cxb4 axb4 35. Ra1+ Kb8 36. Ne6 Qh2+ 37. Kf2 Rde8 38. Nxg7 Re4 39. Ne6 Nd6 40. Rh1 Qxh1 41. Bxh1 Kc8 42. Bg2 Rg8 43. Rxe4 dxe4 44. Qf4 1-0

[Event "European-ch Seniors 2018"]
[Site "Drammen"]
[Date "2018.08.05"]
[Round "2"]
[White "Krohg, Georg A"]
[Black "Biro, Sandor"]
[Result "0-1"]
[ECO "A48"]
[WhiteElo "1956"]
[BlackElo "2193"]
[Annotator "NA"]
[PlyCount "56"]
[EventDate "2018.08.04"]
[EventType "swiss"]
[EventCountry "NOR"]
[SourceTitle "playchess.com"]
[Source "ChessBase"]
[SourceQuality "1"]
[TimeControl "40/5400+30:1800+30"]

1. Nf3 Nf6 2. d4 g6 3. c4 Bg7 4. g3 c6 5. Bg2 d5 6. cxd5 cxd5 7. Nc3 Ne4 8. Ne5 Nxc3 9. bxc3 O-O 10. O-O Nc6 11. Nxc6 bxc6 12. Bf4 Qa5 13. Qd2 Ba6 14. Rfd1 Rac8 15. e4 dxe4 16. Bxe4 c5 17. Be5 f6 18. Bf4 Rfd8 19. Qb2 cxd4 20. cxd4 Kf8 21. Bd3 Bxd3 22. Rxd3 Qd5 23. Ra3 Rd7 24. Re1 g5 25. Be3 h6 26. Rb1 Rdc7 27. Qb3 Qd6 28. Qb4 Rc1+ 0-1

[Event "European-ch Seniors 2018"]
[Site "Drammen"]
[Date "2018.08.05"]
[Round "2"]
[White "Andersson, Kjell Ake"]
[Black "Blomstrom, Lars"]
[Result "1/2-1/2"]
[ECO "A16"]
[WhiteElo "1940"]
[BlackElo "2167"]
[Annotator "NA"]
[PlyCount "52"]
[EventDate "2018.08.04"]
[EventType "swiss"]
[EventCountry "NOR"]
[SourceTitle "playchess.com"]
[Source "ChessBase"]
[SourceQuality "1"]
[TimeControl "40/5400+30:1800+30"]

1. c4 Nf6 2. Nc3 d6 3. g3 g6 4. Bg2 Bg7 5. Nf3 O-O 6. O-O e5 7. d3 Nc6 8. Rb1 a5 9. a3 Nh5 10. b4 axb4 11. axb4 f5 12. Bg5 Bf6 13. Bxf6 Nxf6 14. b5 Ne7 15. Nd2 Kg7 16. Qb3 Rb8 17. Ra1 Be6 18. Ra7 b6 19. Qb2 Qd7 20. Rfa1 g5 21. d4 exd4 22. Nd1 Kg8 23. Qxd4 Nc8 24. Bc6 Qf7 25. R7a3 Ne7 26. Bg2 h6 1/2-1/2